 Dungeon Crawl Stone Soup version 0.25-a0-566-g062765be81 (webtiles) character file.

Game seed: 6206182055847167597, levelgen mode: classic

198657 EnegeticOcto the Pandemonic (level 17, -7/168 HPs)
             Began as a Deep Dwarf Fighter on Feb 27, 2020.
             Was a High Priest of Makhleb.
             Mangled by the Royal Jelly (27 damage)
             ... on level 5 of the Pits of Slime.
             The game lasted 00:19:06 (19765 turns).

EnegeticOcto the Pandemonic (Deep Dwarf Fighter)   Turns: 19765, Time: 00:19:07

Health: -7/168     AC: 11    Str: 26    XL:     17   Next: 37%
Magic:  5/8        EV: 10    Int:  8    God:    Makhleb [*****.]
Gold:   2617       SH: 15    Dex: 12    Spells: 16/16 levels left

rFire    . . .     SeeInvis +   K - +7 war axe (vorpal)
rCold    + . .     Gourm    .   Q - +2 kite shield
rNeg     + . .     Faith    .   O - +2 plate armour {MR+}
rPois    +         Spirit   .   s - +2 hood of the Assassin {Detection Stab+ Stlth++}
rElec    +         Reflect  .   p - +2 cloak
rCorr    +         Harm     .   A - +1 pair of gloves
MR       +++..                  a - -2 pair of boots "Xose" {rC+ rCorr}
Stlth    ..........             (no amulet)
HPRegen  0.00/turn              b - +4 ring of slaying {=R}
MPRegen  0.11/turn              E - ring of Geverheoxe {rElec rPois rCorr Int-4 SInv Stlth+}

@: mighty, corroded, non-regenerating, hasted, very quick
A: damage resistance, heal wounds, repulsion field 1, icy blue scales 1, clever
1, negative energy resistance 1, sense surroundings 2, no regeneration
}: 2/15 runes: decaying, gossamer
a: Heal Wounds, Minor Destruction, Lesser Servant of Makhleb, Major Destruction,
Greater Servant of Makhleb, Renounce Religion


You were on level 5 of the Pits of Slime.
You worshipped Makhleb.
Makhleb was extremely pleased with you.
You were very full.

You visited 7 branches of the dungeon, and saw 37 of its levels.
You also visited: Ossuary and Ice Cave.

You collected 5529 gold pieces.
You spent 2912 gold pieces at shops.

Inventory:

Hand Weapons
 K - a +7 vorpal war axe (weapon)
Missiles
 C - a throwing net (quivered)
Armour
 a - the -2 pair of boots "Xose" (worn) {rC+ rCorr}
   (You bought it in a shop on level 2 of the Orcish Mines)

   It protects you from cold.
   It provides partial protection from all sources of acid and corrosion.
   If you remove this armour, your AC will increase by 1 (11 -> 12).
 c - a scarf of cloud immunity
 h - a +0 plate armour
 p - a +2 cloak (worn)
 q - the +18 shield of the Gong {rElec rN+ MR+ EV-5}
   (You found it on level 6 of the Dungeon)

   It affects your evasion (-5).
   It insulates you from electricity.
   It protects you from negative energy.
   It affects your resistance to hostile enchantments.
 s - the +2 hood of the Assassin (worn) {Detection Stab+ Stlth++}
   (You found it in an ice cave)

   It makes you much more stealthy.
   If you remove this armour, your AC will decrease by 2 (11 -> 9).
 A - a +1 pair of gloves (worn)
 O - a +2 plate armour of magic resistance (worn)
 Q - a +2 kite shield (worn)
 R - a +3 plate armour of fire resistance
Jewellery
 b - a +4 ring of slaying (left hand) {=R}
 u - a +3 ring of evasion
 E - the ring of Geverheoxe (right hand) {rElec rPois rCorr Int-4 SInv Stlth+}
   (You acquired it on level 13 of the Dungeon)

   [ring of resist corrosion]

   It affects your intelligence (-4).
   It insulates you from electricity.
   It protects you from poison.
   It lets you see invisible.
   It provides partial protection from all sources of acid and corrosion.
   It makes you more stealthy.
 H - an uncursed ring of poison resistance
Wands
 l - a wand of flame (64)
 t - a wand of digging (9) {@v2}
Scrolls
 d - 5 scrolls of fog
 f - 13 scrolls of teleportation {@r2}
 x - 4 scrolls of remove curse {@r6}
 y - 2 scrolls of fear
 F - 11 scrolls of magic mapping {@r5}
 G - 5 scrolls of blinking {@r3}
 I - 5 scrolls of identify {@r1}
 L - a scroll of vulnerability
 M - a scroll of silence
 N - a scroll of holy word
 P - a scroll of brand weapon
 S - a scroll of torment
Potions
 i - a potion of flight
 j - 2 potions of stabbing {@q5}
 k - 2 potions of might {@q3}
 m - 2 potions of resistance {@q6}
 n - 3 potions of haste {@q4}
 o - 6 potions of degeneration
 r - 7 potions of curing {@q1}
 v - 10 potions of lignification {@q7}
 w - a potion of magic
 B - 3 potions of heal wounds {@q2}
 D - a potion of berserk rage
 J - 2 potions of mutation
Comestibles
 e - 51 rations


   Skills:
 * Level 14.8 Fighting
 * Level 17.0 Axes
 + Level 12.8 Armour
 - Level 3.0 Dodging
 + Level 12.7 Shields
 * Level 19.0 Invocations


You had 16 spell levels left.
You didn't know any spells.
Your spell library was empty.

Dungeon Overview and Level Annotations

Branches:
Dungeon (15/15)            Temple (1/1) D:5            Lair (6/6) D:10
  Swamp (4/4) Lair:2       Spider (4/4) Lair:4        Slime (5/5) Lair:6
    Orc (2/2) D:12            Elf (0/3) Orc:2        Vaults (0/5) D:14
 Depths (0/5) D:15        Ossuary (visited)           IceCv (visited)

Altars:
Cheibriados
Dithmenos
Elyvilon
Gozag
Hepliaklqana
Kikubaaqudgha
Makhleb
Okawaru
Qazlal
Ru
Trog
Uskayaw
Vehumet
Wu Jian
Yredelemnul
Zin
Beogh
Jiyva

Shops:
D:4 =   D:8 !   D:13 ?   Orc:2 (:[*

Annotations:
Lair:3 3 runed translucent doors, Wiebster667's ghost, journeyman OpFi
Lair:4 2 transporters, Rooheesk's ghost, journeyman DDGl
Slime:5 Royal Jelly


Innate Abilities, Weirdness & Mutations

You are resistant to damage.
You can heal yourself by infusing magical energy.
You resist negative energy. (rN+)
You passively map the area around you.
You do not regenerate.
You are surrounded by a mild repulsion field. (EV +2)
You are partially covered in icy blue scales. (AC +2)
Your mind is acute. (Int +2)


Message History

The azure jelly hits you but does no damage. x3
You block the acid blob's attack.
You slice the acid blob!!
Your hands burn!
The acid blob is almost dead.
You slash the azure jelly! You slash the acid blob!
You kill the acid blob!
That felt strangely unrewarding.
You slash the azure jelly! The azure jelly barely misses you.
You block the azure jelly's attack.
The azure jelly hits you but does no damage. x2
You slice the azure jelly!!
You kill the azure jelly!
That felt strangely unrewarding.
You slice the azure jelly!!
The azure jelly is moderately wounded.
You closely miss the azure jelly.
The azure jelly is moderately wounded.
The azure jelly hits you but does no damage. x2
You block the azure jelly's attack. x2
You slash the azure jelly!
The azure jelly is heavily wounded.
You slice the azure jelly!!
You kill the azure jelly!
That felt strangely unrewarding.
You slash the death ooze!
The death ooze is moderately damaged.
You slash the death ooze!
The death ooze is heavily damaged.
The death ooze closely misses you. You block the death ooze's attack.
You hit the death ooze.
The death ooze is heavily damaged.
Your plate armour prevents you from hitting the death ooze.
The death ooze is heavily damaged.
You block the death ooze's attack. The death ooze closely misses you.
You slice the death ooze!!
You destroy the death ooze!
That felt strangely unrewarding.
The great orb of eyes gazes at you. You resist with almost no effort.
The great orb of eyes gazes at you. You resist with almost no effort.
The great orb of eyes bites you.
You see here a throwing net.
You slash the great orb of eyes!
The great orb of eyes is moderately wounded.
You slice the great orb of eyes!! You barely miss the great orb of eyes.
The great orb of eyes is moderately wounded.
You hit the great orb of eyes.
The great orb of eyes bites you but does no damage.
The great orb of eyes gazes at you. You resist with almost no effort.
You slice the great orb of eyes!!
The great orb of eyes is severely wounded.
You hit the great orb of eyes but do no damage.
You slash the great orb of eyes!
You kill the great orb of eyes!
Makhleb accepts your kill.
You feel better.
You slice the great orb of eyes!!
You block the great orb of eyes's attack.
You cut the great orb of eyes into ribbons!!!
You kill the great orb of eyes!
Makhleb accepts your kill.
Your Invocations skill increases to level 19!
You slice the Royal Jelly!! The acid corrodes you!
Your hands burn!
The Royal Jelly is heavily wounded.
The Royal Jelly shudders violently.
The Royal Jelly spits out three more jellies.
The Royal Jelly hits you!
You are splashed with acid.
You resist. You block the Royal Jelly's attack.
You slice the Royal Jelly!! The acid corrodes you!
Your hands burn!
The Royal Jelly is heavily wounded.
You slash the acid blob!
Your hands burn!
The Royal Jelly shudders vigorously.
The Royal Jelly spits out two more jellies.
You hit the Royal Jelly but do no damage.
Your hands burn!
The Royal Jelly is heavily wounded.
You slice the acid blob!!
Your hands burn!
The Royal Jelly hits you!!
You are splashed with acid.
You resist.
The Royal Jelly hits you but does no damage.
The acid blob spits acid at you. The splash of acid hits you. You resist.
You are splashed with acid.
You resist.
You are too injured to fight recklessly!
You are too injured to fight recklessly!
C - a throwing net The Royal Jelly hits you!!!
* * * LOW HITPOINT WARNING * * *
You are splashed with acid.
You resist.
* * * LOW HITPOINT WARNING * * *
You block the Royal Jelly's attack.
The azure jelly hits your green death but does no damage.
The azure jelly hits your green death!
The azure jelly freezes your green death!!!
Your green death dies!
The acid blob hits you!
* * * LOW HITPOINT WARNING * * *
You are splashed with acid.
You resist.
* * * LOW HITPOINT WARNING * * *
You feel much better. The Royal Jelly hits you!!
You die...

, , ,, , , , ###. ** *,
"#. , , * .. , , ##. *
....., , ,##{ ,,
,###...... *, #J{ * ,
#......... , , , * #G##,
##......... , *#JJ#
###.......... ,
*#@####............ ,,
,.#####J#...............
,,......J.................
, ........................
, ,
,........................
,,
........................ ,
, ........................
...................<..#.
......................#


You could see the Royal Jelly, 2 acid blobs, an azure jelly, a shining eye and a
death ooze.

Vanquished Creatures
  Rupert (Lair:5)
  6 acid blobs
  Kirke (D:14)
  Donald (Swamp:2)
  3 azure jellies (Slime:5)
  3 ghost moths
  3 emperor scorpions
  An orc warlord (Orc:2)
  A reaper (IceCv)
  An entropy weaver (Spider:4)
  Nessos (Lair:5)
  A dire elephant (Lair:6)
  2 death oozes (Slime:5)
  A fire dragon (Swamp:4)
  3 great orbs of eyes (Slime:5)
  An ice dragon (D:15)
  4 vault guards (D:14)
  7 hydras
  A merfolk avatar (Lair:6)
  4 two-headed ogres
  A death knight (D:14)
  A centaur warrior (D:15)
  3 alligators
  4 tengu warriors
  3 orc high priests (Orc:2)
  Nergalle (Lair:2)
  4 skeletal warriors
  A sea snake (Lair:6)
  4 unseen horrors
  2 spriggan druids (Swamp:3)
  3 swamp dragons
  3 orc knights (Orc:2)
  2 lindwurms
  4 harpies (D:14)
  4 orb spiders
  2 wolf spider zombies
  An orc sorcerer (Orc:2)
  8 ugly things
  A cyclops (D:14)
  A deep elf mage (D:14)
  3 manticores
  19 wolf spiders
  A shining eye (Slime:1)
  A moth of wrath (Spider:4)
  5 black mambas
  2 ice statues (IceCv)
  3 elephants (Lair:6)
  4 centaur skeletons
  2 eyes of devastation
  2 gargoyles (D:12)
  16 spiny frogs
  2 torpor snails
  Maggie (Lair:1)
  2 freezing wraiths (D:14)
  4 demonic crawlers
  2 rime drakes (Lair:4)
  12 komodo dragons
  A yaktaur (D:15)
  10 ice devils (IceCv)
  6 meliai (D:14)
  A tengu conjurer (D:15)
  2 polar bears (Lair:6)
  13 jumping spiders
  2 queen bees
  7 trolls
  8 tyrant leeches
  11 hornets
  A wind drake (Lair:6)
  2 bog bodies (Swamp:2)
  21 slime creatures
  17 blink frogs
  7 hippogriffs
  25 redbacks
  Sigmund (D:3)
  2 centaur simulacra (D:15)
  19 tarantellas
  34 yaks
  3 shadows
  A vampire (D:14)
  A spriggan (Swamp:3)
  A steam dragon (Swamp:4)
  2 wraiths
  3 wyverns
  4 basilisks
  4 hogs (D:14)
  2 hungry ghosts (D:14)
  25 vampire mosquitoes
  3 golden eyes
  5 insubstantial wisps (Swamp:1)
  A soldier ant (D:11)
  12 swamp worms
  A floating eye (D:12)
  4 acid dragons
  11 water moccasins
  19 orc warriors
  6 porcupines
  2 phantoms
  2 ice beasts
  3 sky beasts
  10 swamp drakes
  2 black bears
  5 necrophages
  14 wolves
  An eye of draining (Slime:5)
  11 ogres
  23 centaurs
  A wolf (shapeshifter) (D:15)
  13 crocodiles
  6 big kobolds
  18 bullfrogs
  2 gnoll sergeants (D:12)
  6 scorpions
  A wyvern skeleton (D:13)
  50 killer bees
  A howler monkey (D:6)
  12 wights
  An electric eel (Spider:2)
  8 crimson imps
  A bullfrog zombie (D:6)
  3 centaur zombies
  2 quasits
  8 hounds
  A bullfrog skeleton (D:12)
  5 jellies
  14 orc priests
  15 orc wizards
  Crazy Yiuf (D:5)
  2 iguanas
  Natasha (thrice) (D:4)
  7 worker ants
  5 ogre zombies (Ossuary)
  8 mummies
  A howler monkey skeleton (D:8)
  6 gnolls
  7 adders
  5 shadow imps
  20 white imps
  6 ufetubi (IceCv)
  An adder zombie (Ossuary)
  A worm (D:4)
  A dart slug (D:2)
  5 leopard geckos
  69 orcs
  3 giant cockroaches
  3 goblins
  3 quokkas
  2 bats
  7 goblin zombies (Ossuary)
  5 hobgoblin zombies (Ossuary)
  8 kobolds
  2 kobold zombies (Ossuary)
  An orc zombie (Ossuary)
  A rat (D:3)
  A rat zombie (Ossuary)
  A fungus (Lair:5)
  A plant (Lair:3)
905 creatures vanquished.

Vanquished Creatures (collateral kills)
  5 acid blobs
  Agnes (Spider:3)
  An azure jelly (Slime:5)
  An emperor scorpion (Spider:4)
  An entropy weaver (Spider:4)
  2 fire dragons (Swamp:4)
  6 hydras
  A great orb of eyes (Slime:3)
  An ice dragon (D:15)
  A centaur warrior (D:15)
  A tengu warrior (D:14)
  An orc high priest (Orc:2)
  2 skeletal warriors (D:15)
  A fire crab (Swamp:4)
  A swamp dragon (Swamp:4)
  4 orb spiders
  A lindwurm (Swamp:4)
  A wolf spider zombie (D:15)
  2 orc sorcerers (Orc:2)
  2 elephants (Lair:6)
  4 spiny frogs (Lair:6)
  A gargoyle (D:12)
  2 komodo dragons (Lair:6)
  2 rime drakes
  4 demonic crawlers
  A troll (D:12)
  A polar bear (Lair:6)
  2 tyrant leeches (Swamp:4)
  A blink frog (Lair:6)
  4 slime creatures
  5 redbacks
  2 tarantellas
  5 yaks
  A wyvern (Lair:6)
  3 golden eyes
  A fire elemental (Swamp:4)
  2 vampire mosquitoes (Swamp:4)
  A warg (Orc:2)
  An acid dragon (D:14)
  A water moccasin (Lair:6)
  3 swamp drakes (Swamp:4)
  5 orc warriors (Orc:2)
  An ogre (D:12)
  3 crocodiles (Lair:6)
  A gnoll sergeant (D:12)
  A jelly (D:12)
  A centaur zombie (D:12)
  8 orc wizards (Orc:2)
  A bullfrog zombie (D:12)
  3 orc priests (Orc:2)
  3 orcs (Orc:2)
110 creatures vanquished.

Vanquished Creatures (others)
  A hydra (Swamp:4)
  A swamp dragon (Swamp:4)
  A human (D:14)
  4 swamp drakes (Swamp:4)
  An orc wizard (Orc:2)
  A white imp (IceCv)
  4 ufetubi (IceCv)
  8 fungi
  19 plants
40 creatures vanquished.

Grand Total: 1055 creatures vanquished

Notes
Turn   | Place    | Note
-------+----------+-------------------------------------------
     0 | D:1      | EnegeticOcto the Deep Dwarf Fighter began the quest for the
                  | Orb.
     0 | D:1      | Reached XP level 1. HP: 20/20 MP: 1/1
     0 | D:1      | Noticed a jelly
    22 | D:2      | Found a sacrificial altar of Ru.
    45 | D:2      | Reached XP level 2. HP: 25/27 MP: 2/2
   263 | D:3      | Noticed Sigmund
   288 | D:3      | Killed Sigmund
   288 | D:3      | Reached skill level 1 in Dodging
   288 | D:3      | Reached XP level 3. HP: 12/36 MP: 3/3
   288 | D:3      | Reached XP level 4. HP: 14/44 MP: 4/4
   288 | D:3      | Reached XP level 5. HP: 16/50 MP: 5/5
   386 | D:3      | Found an ornate altar of the Wu Jian Council.
   490 | D:4      | Found an iron altar of Okawaru.
   490 | D:4      | Noticed Natasha
   503 | D:4      | Killed Natasha
   535 | D:4      | Found an ancient bone altar of Kikubaaqudgha.
   553 | D:4      | Reached XP level 6. HP: 29/57 MP: 5/5
   692 | D:4      | Noticed Natasha
   699 | D:4      | Killed Natasha
   711 | D:4      | Noticed Natasha
   718 | D:4      | Killed Natasha
   897 | D:4      | Found Vuunigyide's Jewellery Shoppe.
  1043 | D:5      | Entered Level 5 of the Dungeon
  1044 | D:5      | Noticed an ice beast
  1058 | D:5      | Killed an ice beast
  1058 | D:5      | Reached XP level 7. HP: 28/66 MP: 6/6
  1170 | D:5      | Reached skill level 5 in Axes
  1175 | D:5      | Found a staircase to the Ecumenical Temple.
  1207 | Temple   | Entered the Ecumenical Temple
  1273 | Temple   | Became a worshipper of Makhleb the Destroyer
  1509 | D:5      | Reached skill level 1 in Invocations
  1587 | D:5      | Found a runed translucent door.
  1588 | D:5      | Noticed Crazy Yiuf
  1715 | D:5      | Killed Crazy Yiuf
  1785 | D:6      | Reached skill level 5 in Fighting
  1817 | D:6      | Reached skill level 2 in Invocations
  1848 | D:6      | Found the +18 shield of the Gong {rElec rN+ MR+ EV-5}
  1866 | D:6      | Reached skill level 5 in Armour
  1866 | D:6      | Reached XP level 8. HP: 53/74 MP: 7/7
  1871 | D:6      | Reached skill level 5 in Shields
  1948 | D:6      | Reached * piety under Makhleb
  1954 | D:6      | Reached skill level 3 in Invocations
  2259 | D:7      | Reached skill level 4 in Invocations
  2583 | D:7      | Found an opulent altar of Gozag.
  2762 | D:7      | Reached skill level 5 in Invocations
  2891 | D:8      | Gained mutation: You passively map the area around you.
                  | [Deep Dwarf growth]
  2891 | D:8      | Reached XP level 9. HP: 79/82 MP: 9/11
  2915 | D:8      | Found Quge's Distillery.
  2937 | D:8      | Noticed a troll
  2943 | D:8      | Reached ** piety under Makhleb
  2956 | D:8      | Killed a troll
  2956 | D:8      | Reached skill level 6 in Invocations
  3073 | D:8      | Found a sand-covered staircase.
  3083 | Ossuary  | Entered an ossuary
  3328 | D:8      | Gained mutation: You are partially covered in icy blue
                  | scales. (AC +2) [potion of mutation]
  3328 | D:8      | Gained mutation: You are surrounded by a mild repulsion
                  | field. (EV +2) [potion of mutation]
  3328 | D:8      | Gained mutation: Your mind is acute. (Int +2) [potion of
                  | mutation]
  3854 | D:8      | Identified a scroll of acquirement
  3854 | D:8      | Identified the ring of Giusoar {rN+ Str+2 Int+3} (You
                  | acquired it on level 8 of the Dungeon)
  3854 | D:8      | Identified the +3 battleaxe "Hydraslayer" {freeze, rPois}
                  | (You acquired it on level 8 of the Dungeon)
  3928 | D:4      | Bought a +4 ring of slaying for 780 gold pieces
  4047 | D:9      | Noticed a queen bee
  4055 | D:9      | Reached skill level 7 in Invocations
  4071 | D:9      | Killed a queen bee
  4085 | D:9      | Reached XP level 10. HP: 54/94 MP: 13/13
  4103 | D:9      | Reached skill level 8 in Invocations
  4889 | D:10     | Entered Level 10 of the Dungeon
  4951 | D:10     | Reached *** piety under Makhleb
  5039 | D:10     | Reached skill level 9 in Invocations
  5277 | D:10     | Reached **** piety under Makhleb
  5290 | D:10     | Reached XP level 11. HP: 98/104 MP: 16/16
  5347 | D:10     | Found a staircase to the Lair.
  5732 | D:11     | Reached skill level 10 in Axes
  5732 | D:11     | Reached skill level 10 in Invocations
  5742 | D:11     | You fall into a shaft and drop 1 floor!
  5772 | D:12     | Paralysed by a floating eye for 4 turns
  5783 | D:12     | Noticed a four-headed hydra
  5815 | D:12     | Killed a 13-headed hydra
  5861 | D:12     | Noticed a two-headed ogre
  5871 | D:12     | Killed a two-headed ogre
  5871 | D:12     | Reached skill level 11 in Invocations
  5941 | D:12     | Found a staircase to the Orcish Mines.
  6459 | D:11     | Reached ***** piety under Makhleb
  6557 | D:11     | Reached XP level 12. HP: 116/116 MP: 17/17
  7165 | D:13     | Found Opryqio's Magic Scroll Boutique.
  7168 | D:13     | Bought a scroll of acquirement for 624 gold pieces
  7168 | D:13     | Identified the ring of Geverheoxe {rElec rPois rCorr Int-4
                  | SInv Stlth+} (You acquired it on level 13 of the Dungeon)
  7170 | D:13     | Bought a scroll of magic mapping for 42 gold pieces
  7170 | D:13     | Bought a scroll of enchant weapon for 90 gold pieces
  7226 | D:13     | Noticed a four-headed hydra
  7229 | D:13     | Noticed an ice dragon
  7230 | D:13     | Noticed a centaur warrior
  7813 | D:14     | Noticed a death knight
  7816 | D:14     | Reached skill level 10 in Fighting
  7833 | D:14     | Noticed a two-headed ogre
  7858 | D:14     | Killed a death knight
  7858 | D:14     | Reached skill level 12 in Invocations
  7901 | D:14     | Killed a two-headed ogre
  7942 | D:14     | Noticed a tengu warrior
  7973 | D:14     | Noticed a tengu warrior
  7984 | D:14     | Killed a tengu warrior
  8007 | D:14     | Killed a tengu warrior
  8057 | D:14     | Noticed a tengu warrior
  8077 | D:14     | Noticed a vault guard
  8080 | D:14     | Killed a tengu warrior
  8084 | D:14     | Reached skill level 13 in Invocations
  8090 | D:14     | Noticed a vault guard
  8091 | D:14     | Noticed Kirke
  8099 | D:14     | Noticed a vault guard
  8111 | D:14     | Killed a vault guard
  8115 | D:14     | Killed Kirke
  8115 | D:14     | Reached XP level 13. HP: 100/126 MP: 17/17
  8469 | D:14     | Found a gate to the Vaults.
  8575 | D:14     | Reached skill level 14 in Invocations
  8754 | D:14     | Reached skill level 10 in Armour
  9064 | D:15     | Entered Level 15 of the Dungeon
  9072 | D:15     | Reached skill level 10 in Shields
  9175 | D:15     | Reached ****** piety under Makhleb
  9250 | D:15     | Gained mutation: You resist negative energy. (rN+) [Deep
                  | Dwarf growth]
  9250 | D:15     | Reached XP level 14. HP: 119/136 MP: 16/16
  9846 | D:15     | Found a staircase to the Depths.
  9954 | Orc:1    | Entered Level 1 of the Orcish Mines
 10118 | Orc:2    | Entered Level 2 of the Orcish Mines
 10364 | Orc:2    | Found a staircase to the Elven Halls.
 10460 | Orc:2    | Reached skill level 15 in Invocations
 10503 | Orc:2    | Noticed an orc warlord
 10559 | Orc:2    | Killed an orc warlord
 10727 | Orc:2    | Found a roughly hewn altar of Beogh.
 10806 | Orc:2    | Found Igedewno's General Store.
 10807 | Orc:2    | Found Yrupan's Book Shoppe.
 10808 | Orc:2    | Found Zigeofor's Antique Armour Shoppe.
 10808 | Orc:2    | Found Berupn's Antique Weapon Emporium.
 10812 | Orc:2    | Bought a pair of twisted boots for 304 gold pieces
 11027 | Orc:2    | Identified the cursed -2 pair of boots "Xose" {rC+ rCorr}
                  | (You bought it in a shop on level 2 of the Orcish Mines)
 11188 | Lair:1   | Entered Level 1 of the Lair of Beasts
 11188 | Lair:1   | Noticed Maggie
 11205 | Lair:1   | Killed Maggie
 12027 | Lair:2   | Found a staircase to the Swamp.
 12027 | Lair:2   | Noticed Nergalle
 12039 | Lair:2   | Killed Nergalle
 12964 | Lair:3   | Found a runed translucent gate.
 12964 | Lair:3   | Found a runed translucent gate.
 12964 | Lair:3   | Found a runed translucent gate.
 13004 | Lair:3   | Noticed Wiebster667's ghost (journeyman OpFi)
 13560 | Lair:4   | Found a transporter.
 13573 | Lair:4   | Found a hazy altar of Hepliaklqana.
 13602 | Lair:4   | Found a hole to the Spider Nest.
 13649 | Lair:4   | Found a frozen archway.
 13671 | IceCv    | Entered an ice cave
 13781 | IceCv    | Found the +2 hood of the Assassin {Detection Stab+ Stlth++}
 13823 | IceCv    | Reached skill level 16 in Invocations
 13905 | IceCv    | Noticed a reaper
 13918 | IceCv    | Killed a reaper
 13918 | IceCv    | Reached XP level 15. HP: 146/146 MP: 16/16
 14108 | Lair:4   | Found a transporter.
 14115 | Lair:4   | Found a bloodstained altar of Trog.
 14120 | Lair:4   | Noticed Rooheesk's ghost (journeyman DDGl)
 14121 | Lair:4   | Identified the cursed +1 spear of Ascent {chaos, *Corrode
                  | Fragile rPois MR+++ Dex+2}
 14679 | Lair:5   | Noticed Rupert
 14701 | Lair:5   | Killed Rupert
 14968 | Lair:5   | Noticed Nessos
 14986 | Lair:5   | Killed Nessos
 15217 | Lair:6   | Entered Level 6 of the Lair of Beasts
 15376 | Lair:6   | Reached skill level 15 in Axes
 15697 | Lair:6   | Found a viscous altar of Jiyva.
 15698 | Lair:6   | Found a staircase to the Slime Pits.
 16378 | Orc:2    | Bought a shiny plate armour for 832 gold pieces
 16378 | Orc:2    | Bought a shiny kite shield for 240 gold pieces
 17026 | Spider:1 | Entered Level 1 of the Spider Nest
 17074 | Spider:2 | Noticed a ghost moth
 17095 | Spider:2 | Killed a ghost moth
 17145 | Spider:2 | Reached skill level 17 in Invocations
 17536 | Spider:4 | Entered Level 4 of the Spider Nest
 17536 | Spider:4 | Noticed a ghost moth
 17539 | Spider:4 | Noticed Agnes
 17543 | Spider:4 | Reached XP level 16. HP: 157/157 MP: 0/15
 17567 | Spider:3 | Killed Agnes
 17829 | Spider:4 | Got a gossamer rune of Zot
 18012 | Swamp:1  | Entered Level 1 of the Swamp
 18425 | Swamp:2  | Reached skill level 18 in Invocations
 18450 | Swamp:2  | Noticed Donald
 18466 | Swamp:2  | Killed Donald
 18875 | Swamp:4  | Entered Level 4 of the Swamp
 19117 | Swamp:4  | Got a decaying rune of Zot
 19411 | Slime:1  | Entered Level 1 of the Pits of Slime
 19427 | Slime:1  | Noticed an acid blob
 19434 | Slime:1  | Killed an acid blob
 19434 | Slime:1  | Reached XP level 17. HP: 144/168 MP: 14/14
 19443 | Slime:1  | Noticed an acid blob
 19457 | Slime:1  | Killed an acid blob
 19521 | Slime:3  | Noticed an acid blob
 19537 | Slime:3  | Noticed an acid blob
 19543 | Slime:3  | Killed an acid blob
 19577 | Slime:2  | Killed an acid blob
 19629 | Slime:3  | Noticed an acid blob
 19642 | Slime:3  | Killed an acid blob
 19668 | Slime:5  | Entered Level 5 of the Pits of Slime
 19668 | Slime:5  | Noticed an acid blob
 19674 | Slime:5  | Killed an acid blob
 19694 | Slime:5  | Noticed an acid blob
 19698 | Slime:5  | Killed an acid blob
 19702 | Slime:5  | Noticed an acid blob
 19702 | Slime:5  | Noticed the Royal Jelly
 19712 | Slime:5  | Killed an acid blob
 19719 | Slime:5  | Noticed an acid blob
 19720 | Slime:5  | Noticed an acid blob
 19720 | Slime:5  | Noticed an acid blob
 19721 | Slime:5  | Killed an acid blob
 19740 | Slime:5  | Killed an acid blob
 19744 | Slime:5  | Killed an acid blob
 19760 | Slime:5  | Reached skill level 19 in Invocations
 19761 | Slime:5  | Noticed an acid blob
 19762 | Slime:5  | Noticed an acid blob
 19764 | Slime:5  | HP: 7/168 [acid[the Royal Jelly] (3)]
 19765 | Slime:5  | Mangled by the Royal Jelly

Levels and vault maps discovered:
D:1:      dpeg_arrival_caged_fury, layout_basic
D:2:      layout_loops_ring, lemuel_crystal_altar, marbit_many_paths,
          kennysheep_generic_room_16
D:3:      layout_loops_ring, nicolae_overflow_hidden_temple, uniq_sigmund
D:4:      layout_rooms, kiku_gazebo_garden_becter, serial_shops,
          nicolae_shop_behind_doors, okawaru_gym_becter, uniq_natasha
D:5:      layout_rooms, minmay_temple_entry_sparse_star, first_ration,
          minmay_misc_feat_enclosed, uniq_crazy_yiuf_cottage
D:6:      layout_rooms
D:7:      layout_basic, grunt_gozag_breadcrumbs
D:8:      layout_loops_ring, serial_shops, shop, gup_ossuary_entry_pyramid
D:9:      layout_basic, special_room [special_room_bee]
D:10:     layout_rooms, erik_lair_dragon, david_nohive_1
D:11:     layout_cave_pods
D:12:     layout_cave_pools, kennysheep_orc_monster_closet_entryway,
          onia_ninara_cookie
D:13:     layout_loops_ring, serial_shops, kennysheep_mini_moat, minivault_12
D:14:     layout_roguey, lightli_vaults_fourway_checkpoint,
          nicolae_benzene_ring, hangedman_aviary, uniq_kirke
D:15:     grunt_enter_depths_hoard, layout_irregular_city
Temple:   minmay_crystal_spiral_temple
Lair:1:   layout_cave_pods, grunt_megastairs_1, infiniplex_staircase_pool_2,
          uniq_maggie
Lair:2:   layout_long_grid, swamp_mist, uniq_nergalle
Lair:3:   layout_roguey, gammafunk_ghost_icy, serial_forest,
          infiniplex_forest_zigzag_2, infiniplex_forest_clump_double,
          infiniplex_forest_clump_long, infiniplex_forest_lined_2,
          infiniplex_forest_side_room, infiniplex_forest_lined_corner,
          infiniplex_forest_clump_medium, infiniplex_forest_straight_4,
          infiniplex_forest_straight_2, infiniplex_forest_lined_3_way
Lair:4:   layout_loops_ring, spider_nest_entry_web_field,
          gammafunk_ghost_wrathful_warriors, basic_altar,
          portal_ice_cave_entry_imps, st_stairs_4
Lair:5:   layout_concentric_octagons, uniq_nessos, uniq_rupert
Lair:6:   gammafunk_lair_ancient_temple, layout_misc_corridors, slime_altar_1
Swamp:1:  layout_basic_swamp, hangedman_swamp_ruin_hall
Swamp:2:  layout_falls_marsh, nicolae_swamp_very_dense_foliage, uniq_donald
Swamp:3:  layout_basic_swamp, hangedman_swamp_diagram, swamp_pool3,
          roderic_carrion_pond
Swamp:4:  swamp_fiery, layout_basic_swamp, swamp_pool4,
          nicolae_swamp_alligator_family
Spider:1: layout_spider_delve, special_room
Spider:2: layout_spider_delve
Spider:3: layout_spider_delve, uniq_mara, uniq_nikola
Spider:4: guppyfry_spider_rune, uniq_agnes, uniq_arachne, uniq_aizul,
          uniq_roxanne
Slime:1:  layout_caves
Slime:2:  layout_caves
Slime:3:  layout_caves
Slime:4:  cheibrodos_slime_lost_civilization_9, layout_caves
Slime:5
Orc:1:    layout_caves, nicolae_orc_flooded_monolith
Orc:2:    st_orc_congregation, layout_diamond_mine, basic_altar,
          nicolae_orc_tapped_out

Skill      XL: |  1  2  3  4  5  6  7  8  9 10 11 12 13 14 15 16 17 |
---------------+----------------------------------------------------+-----
Fighting       | 3 4 5 6 7 8 9 10 11 12 13 14 | 14.8
Axes           | 3 4 5 7 8 9 11 12 13 14 15 16 17 | 17.0
Armour         | 4 5 6 7 8 9 10 11 12 | 12.8
Dodging        | 1 2 3 |  3.0
Shields        | 4 5 6 7 8 9 10 11 12 | 12.7
Invocations    | 2 5 7 9 11 13 14 16 17 18 19 | 19.0

Action                   |  1- 3 |  4- 6 |  7- 9 | 10-12 | 13-15 | 16-18 || total
-------------------------+-------+-------+-------+-------+-------+-------++-------
Melee: War axe           |    45 |   128 |   546 |   805 |  1326 |   618 ||  3468
Throw: Throwing net      |       |       |       |       |       |     2 ||     2
Invok: Lesser Servant of |       |       |       |     3 |    24 |    10 ||    37
       Greater Servant o |       |       |       |       |     3 |    11 ||    14
 Abil: Heal Wounds       |     1 |     4 |    11 |    14 |    35 |    37 ||   102
Evoke: Phantom mirror    |       |       |       |       |       |     1 ||     1
  Use: Scroll            |       |       |    17 |    10 |    12 |     3 ||    42
       Potion            |       |       |     1 |       |     2 |    10 ||    13
 Stab: Distracted        |       |       |       |       |     6 |     4 ||    10
       Held in net/web   |       |       |       |       |     3 |       ||     3
       Confused          |       |       |       |       |       |     2 ||     2
  Eat: Chunk             |       |     1 |     8 |    14 |    24 |     7 ||    54
       Ration            |       |       |     1 |       |     3 |     3 ||     7
Armor: Scale mail        |    14 |     5 |       |       |       |       ||    19
       Plate armour      |       |    64 |   305 |   351 |   662 |   433 ||  1815
Dodge: Dodged            |    19 |    30 |    57 |   137 |   280 |   274 ||   797
Block: Kite shield       |    15 |    71 |   645 |  1253 |  1915 |   528 ||  4427

Table legend:
 A = Non-vault XP
 B = Vault XP
 C = Vault XP percentage of total XP
 D = Non-vault monster count
 E = Vault monster count
 F = Vault count percentage of total count
                 A         B        C        D         E       F
            +---------+---------+-------+---------+---------+-------
      Total |  149469 |   94328 |  38.7 |     648 |     358 |  35.6
            +---------+---------+-------+---------+---------+-------
        D:2 |      29 |       4 |  12.1 |       4 |       1 |  20.0
        D:3 |      24 |     227 |  90.4 |       7 |       1 |  12.5
        D:4 |     344 |      35 |   9.2 |      11 |       1 |   8.3
        D:5 |     461 |      39 |   7.8 |      11 |       1 |   8.3
        D:6 |     670 |       0 |   0.0 |      27 |       0 |   0.0
        D:7 |     870 |       0 |   0.0 |      17 |       0 |   0.0
        D:8 |    1456 |      18 |   1.2 |      19 |       1 |   5.0
        D:9 |    1019 |    1747 |  63.2 |      20 |      24 |  54.5
       D:10 |    2218 |    2174 |  49.5 |      28 |      23 |  45.1
       D:11 |    4120 |       0 |   0.0 |      28 |       0 |   0.0
       D:12 |    2403 |    4319 |  64.3 |      16 |      40 |  71.4
       D:13 |    2923 |       0 |   0.0 |      22 |       0 |   0.0
       D:14 |   15621 |   15415 |  49.7 |      54 |      25 |  31.6
       D:15 |   12899 |    1906 |  12.9 |      35 |       2 |   5.4
     Lair:1 |    1045 |    1461 |  58.3 |       3 |       6 |  66.7
     Lair:2 |    2949 |     800 |  21.3 |      15 |       1 |   6.2
     Lair:3 |    6277 |       0 |   0.0 |      29 |       0 |   0.0
     Lair:4 |    2170 |     590 |  21.4 |      10 |      13 |  56.5
     Lair:5 |    3200 |    4125 |  56.3 |      14 |       2 |  12.5
     Lair:6 |    8791 |    9351 |  51.5 |      37 |      27 |  42.2
    Swamp:1 |    6570 |       0 |   0.0 |      24 |       0 |   0.0
    Swamp:2 |    4195 |    2051 |  32.8 |      15 |       1 |   6.2
    Swamp:3 |    8014 |     379 |   4.5 |      23 |       3 |  11.5
    Swamp:4 |    3771 |   11678 |  75.6 |      21 |      26 |  55.3
   Spider:1 |     535 |       0 |   0.0 |       1 |       0 |   0.0
   Spider:2 |   16731 |       0 |   0.0 |      50 |       0 |   0.0
   Spider:3 |    6757 |    1068 |  13.6 |      14 |       1 |   6.7
   Spider:4 |    9130 |   13290 |  59.3 |      22 |      31 |  58.5
    Slime:1 |    6616 |       0 |   0.0 |      10 |       0 |   0.0
    Slime:2 |    5100 |       0 |   0.0 |      12 |       0 |   0.0
    Slime:3 |    6544 |       0 |   0.0 |       8 |       0 |   0.0
    Slime:4 |     434 |       0 |   0.0 |       1 |       0 |   0.0
    Slime:5 |    3155 |    8679 |  73.3 |       7 |       6 |  46.2
      Orc:1 |     379 |       0 |   0.0 |       6 |       0 |   0.0
      Orc:2 |    2049 |    9532 |  82.3 |      27 |      66 |  71.0
    Ossuary |       0 |     276 | 100.0 |       0 |      29 | 100.0
      IceCv |       0 |    5164 | 100.0 |       0 |      27 | 100.0
            +---------+---------+-------+---------+---------+-------
